Map: Kairos Junction LE

Players

Lambo - Winner!

  • Race: Zerg Zerg
  • League: Master
  • Spawn Location: 5:00

Neeblet (Neeb)

  • Race: Protoss Protoss
  • League: Master
  • Spawn Location: 11:00

VOD

Have the link to the VOD?

Description

Time

  • Played on: Jan. 27, 2019, 10:43 a.m.
  • Length: 10:52
Show
View Real Time Build Order
Export as new Build Order

Lambo Zerg - Winner!

Build Orders: Hatch First 

Get SALT Encoding   

  12  0:01  Drone  
  13  0:12  Overlord  
  13  0:26  Drone  
  14  0:32  Drone x2  
  16  0:52  Drone, Hatchery  
  16  0:55  Drone  
  17  1:00  Drone  
  18  1:09  Extractor  
  17  1:15  Spawning Pool  
  17  1:18  Drone  
  17  1:21  Drone  
  18  1:30  Drone  
  19  1:43  Drone  
  20  1:55  Overlord  
  20  2:03  Queen  
  20  2:05  Zergling x4  
  20  2:06  Queen  
  26  2:09  Metabolic Boost  
  26  2:13  Drone  
  26  2:15  Drone  
  28  2:27  Drone  
  28  2:28  Drone  
  30  2:39  Hatchery  
  30  2:41  Drone  
  30  2:43  Drone  
  31  2:50  Overlord  
  31  2:52  Drone  
  32  3:03  Drone  
  32  3:08  Drone  
  32  3:09  Drone x2  
  34  3:16  Drone x2, Queen  
  34  3:17  Drone  
  39  3:20  Drone x2  
  40  3:28  Spore Crawler  
  40  3:29  Drone  
  40  3:33  Drone  
  41  3:42  Overlord  
  41  3:44  Zergling x2  
  41  3:46  Spore Crawler  
  41  3:48  Zergling x2  
  41  3:49  Zergling x2  
  43  3:59  Overlord  
  43  4:00  Zergling x6  
  43  4:02  Queen  
  48  4:03  Spore Crawler  
  48  4:05  Overlord  
  48  4:06  Drone  
  48  4:07  Drone  
  49  4:21  Queen  
  49  4:22  Drone x3  
  54  4:25  Roach Warren  
  54  4:27  Lair  
  54  4:29  Drone  
  54  4:30  Drone  
  55  4:33  Drone x2  
  55  4:35  Drone  
  55  4:36  Drone  
  59  4:39  Drone  
  59  4:43  Drone  
  59  4:48  Drone x2  
  56  4:55  Drone x8  
  63  5:00  Extractor  
  63  5:01  Extractor  
  63  5:05  Extractor  
  60  5:10  Drone  
  60  5:11  Drone  
  60  5:12  Drone  
  63  5:16  Overlord  
  63  5:17  Roach  
  63  5:18  Overlord  
  63  5:21  Overlord x2  
  64  5:28  Overlord  
  64  5:31  Roach  
  66  5:38  Overlord  
  66  5:40  Glial Reconstitution  
  72  5:43  Roach x8  
  72  5:48  Roach x3  
  88  5:51  Roach  
  88  5:56  Roach  
  92  6:02  Roach  
  92  6:03  Roach  
  95  6:07  Roach  
  95  6:11  Roach x4  
  105  6:18  Roach x3  
  109  6:23  Roach x2  
  113  6:27  Overlord  
  113  6:29  Overlord  
  113  6:34  Extractor, Queen  
  115  6:40  Overlord  
  115  6:44  Queen  
  115  6:47  Ravager x2, Roach x5  
  119  6:48  Zergling x2  
  130  6:54  Overlord  
  130  6:57  Overlord  
  130  7:01  Zergling x4, Roach x3  
  137  7:04  Overlord  
  137  7:05  Overlord  
  138  7:17  Roach  
  138  7:18  Roach  
  138  7:19  Roach x5  
  138  7:20  Roach  
  138  7:21  Zergling x2  
  148  7:25  Roach  
  150  7:30  Roach x3  
  150  7:32  Roach  
  150  7:35  Roach  
  141  7:39  Roach  
  141  7:42  Roach  
  141  7:44  Roach  
  145  7:47  Roach  
  137  7:51  Extractor  
  137  7:53  Evolution Chamber, Infestation Pit, Zergling x2  
  133  8:05  Roach x3  
  136  8:08  Roach  
  130  8:13  Zergling x2, Roach x6  
  130  8:17  Overlord  
  130  8:19  Overlord  
  143  8:24  Overlord  
  143  8:28  Drone x3, Zerg Missile Weapons Level 1  
  135  8:36  Overlord  
  135  8:40  Drone x5  
  113  8:48  Extractor  
  98  9:04  Roach x8  
  108  9:18  Roach x9  
  126  9:24  Roach  
  126  9:25  Roach  
  126  9:28  Roach x2  
  134  9:34  Ravager x2  
  135  9:47  Roach x9  
  135  9:48  Ravager  
  135  9:49  Ravager x2  
  135  9:51  Ravager  
  135  9:52  Ravager  
  158  9:55  Roach  
  158  9:56  Roach  
  162  10:00  Roach  
  162  10:01  Roach  
  166  10:08  Hatchery  
  166  10:13  Ravager  
  166  10:17  Zergling x10  
  166  10:18  Ravager x3  
  174  10:21  Zergling x4  
  176  10:31  Zergling x6, Roach x2  
Show
View Real Time Build Order
Export as new Build Order

Neeblet Protoss 

Build Orders: 1 Gate Expand, Oracle Opening, Archon Immortal, Archon Drop 

Get SALT Encoding   

  12  0:00  Probe  
  13  0:12  Probe  
  14  0:17  Pylon  
  14  0:24  Probe  
  15  0:33  Probe  
  15  0:41  Probe  
  16  0:45  Gateway  
  17  0:51  Assimilator, Probe  
  18  1:03  Probe  
  19  1:15  Probe  
  20  1:25  Nexus  
  20  1:36  Cybernetics Core  
  20  1:38  Probe  
  21  1:43  Assimilator  
  21  1:50  Probe  
  21  1:53  Pylon  
  22  2:02  Adept, Probe  
  23  2:14  Probe  
  26  2:24  Stalker  
  26  2:25  Stargate  
  26  2:26  Probe  
  27  2:34  Probe  
  29  2:38  Probe  
  29  2:42  Probe  
  31  2:44  Warp Gate  
  31  2:50  Probe  
  33  2:51  Probe  
  34  2:59  Oracle  
  34  3:02  Probe  
  34  3:03  Probe  
  39  3:15  Probe  
  39  3:16  Probe  
  41  3:21  Gateway  
  42  3:27  Probe  
  42  3:28  Probe  
  42  3:31  Pylon  
  42  3:34  Assimilator  
  43  3:36  Pylon, Oracle  
  46  3:46  Pylon  
  46  3:49  Probe x2  
  46  3:50  Assimilator  
  48  4:01  Probe x2  
  50  4:04  Robotics Facility  
  50  4:07  Pylon  
  50  4:12  Twilight Council  
  50  4:13  Probe x2  
  52  4:26  Probe x2  
  52  4:28  Gateway  
  52  4:30  Gateway  
  54  4:32  Adept  
  54  4:34  Adept  
  54  4:38  Probe  
  59  4:41  Gateway  
  59  4:48  Warp Prism  
  61  5:00  Templar Archives  
  61  5:08  Nexus  
  61  5:12  Pylon x2  
  61  5:20  Zealot  
  63  5:22  Probe x2  
  65  5:29  Pylon  
  65  5:34  Probe  
  66  5:37  Probe  
  67  5:43  High Templar x4  
  67  5:44  Observer  
  67  5:46  Probe  
  67  5:49  Archon  
  76  5:50  Archon  
  76  5:51  Pylon  
  76  5:55  Pylon  
  76  5:56  Probe  
  77  5:57  Gateway  
  77  5:58  Gateway  
  77  5:59  Probe  
  77  6:02  Immortal  
  78  6:08  Probe  
  83  6:18  Robotics Facility, Probe, Forge  
  84  6:22  Probe  
  84  6:23  Probe  
  86  6:31  Stalker  
  89  6:33  Shield Battery  
  89  6:34  Immortal  
  89  6:36  Stalker  
  89  6:37  Sentry  
  89  6:38  Stalker  
  98  6:51  Photon Cannon  
  98  6:55  Immortal  
  98  6:57  Photon Cannon  
  98  6:58  Sentry  
  97  7:03  Stalker, Sentry  
  105  7:15  Pylon x3  
  105  7:18  Immortal  
  105  7:21  Zealot  
  105  7:22  Zealot  
  105  7:25  Immortal  
  97  7:34  Zealot x2  
  91  7:51  Sentry x2  
  86  7:54  Pylon  
  86  7:55  Immortal  
  92  8:05  Zealot x4  
  100  8:15  Immortal  
  100  8:19  Zealot x2  
  102  8:29  Zealot x4  
  100  8:45  Zealot x2  
  94  8:52  Zealot x4  
  88  9:05  Probe  
  89  9:10  Sentry x2  
  92  9:19  High Templar x3  
  92  9:20  High Templar, Nexus  
  100  9:28  Archon x2  
  100  9:32  Probe  
  100  9:33  Probe  
  100  9:35  Pylon  
  102  9:41  Probe x2  
  102  9:42  High Templar  
  106  9:50  Probe  
  106  9:55  High Templar  
  109  10:02  Probe, Pylon  
  109  10:05  Stalker x2  
  114  10:10  Probe  
  115  10:18  Stalker  
  115  10:19  Stalker  
  114  10:39  Archon  
  114  10:41  Zealot x2  
  90  10:48  Zealot x3  
Tags
 
Add a new tag
Caveats
  • Supply blocks, unpowered buildings, or Contaminate may cause inaccurate times.
  • Supply counts are checked every 10 seconds.